 Dungeon Crawl Stone Soup version 0.22.1-1-ga44c0e5 (webtiles) character file.

10440 Lavandula the Cleaver (level 11, -1/89 HPs)
             Began as a Centaur Berserker on Sept 21, 2018.
             Was a High Priest of Trog.
             Slain by a killer bee (2 damage)
             ... on level 11 of the Dungeon on Sept 22, 2018.
             The game lasted 00:30:31 (4496 turns).

Lavandula the Cleaver (Centaur Berserker)           Turns: 4496, Time: 00:30:31

Health: -1/89      AC:  9    Str: 19    XL:     11   Next: 36%
Magic:  11/11      EV: 10    Int:  6    God:    Trog [*****.]
Gold:   239        SH:  0    Dex: 10    Spells: 10/10 levels left

rFire    . . .     SeeInvis +   F - +0 war axe
rCold    + + +     Gourm    .   (no shield)
rNeg     . . .     Faith    .   w - +3 leather armour of Marbles {+Blink rC+++ Str-3 SInv}
rPois    .         Spirit   .   y - +1 helmet
rElec    .         Reflect  .   (no cloak)
rCorr    .         Harm     .   (no gloves)
MR       .....     Rnd*Tele +   (no barding)
Stlth    ..........             n - amulet of regeneration
HPRegen  0.64/turn              u - ring of flight
MPRegen  0.12/turn              f - ring of teleportation (curse)

@: lethally poisoned (-1 -> -3), about to teleport, berserk cooldown, slowed
A: large, hooves 3, deformed body, speed 2, tough skin 3
a: Berserk, Trog's Hand, Brothers in Arms, Renounce Religion, Evoke Blink, Evoke
Flight


You were on level 11 of the Dungeon.
You worshipped Trog.
Trog was extremely pleased with you.
You were not hungry.

You visited 2 branches of the dungeon, and saw 12 of its levels.
You also visited: Sewer.

You collected 442 gold pieces.
You spent 203 gold pieces at shops.

Inventory:

Hand Weapons
 a - a +0 hand axe
 b - a +2 flail of crushing
 j - a cursed -3 hunting sling
 x - a +1 whip of venom
 F - a +0 war axe (weapon)
Missiles
 q - 3 javelins (quivered)
 t - 26 sling bullets
 D - a throwing net
 I - 7 tomahawks
Armour
 d - a +1 ring mail of poison resistance
 w - the +3 leather armour of Marbles (worn) {+Blink rC+++ Str-3 SInv}
   (You bought it in a shop on level 6 of the Dungeon)

   It affects your strength (-3).
   It renders you almost immune to cold.
   It lets you see invisible.
   It lets you blink.
 y - a +1 helmet (worn)
 O - a +1 hat
Jewellery
 f - a cursed ring of teleportation (right hand)
 n - an amulet of regeneration (around neck)
 u - a ring of flight (left hand)
 B - an uncursed ring of ice
Wands
 s - a wand of flame (14)
Scrolls
 e - 2 scrolls of identify {unknown}
 g - a scroll of enchant armour {unknown}
 h - 6 scrolls of remove curse
 i - 3 scrolls of teleportation
 o - 4 scrolls of enchant weapon {unknown}
 p - 3 scrolls of fog
 C - a scroll of random uselessness {unknown}
 G - a scroll of torment {unknown}
 K - a scroll of magic mapping {unknown}
 M - a scroll of amnesia
 N - a scroll of blinking {unknown}
Potions
 k - a potion of might
 l - 5 potions of magic
 m - a potion of berserk rage {unknown}
 r - a potion of agility {unknown}
 v - a potion of cancellation {unknown}
 z - 2 potions of curing
 A - 3 potions of haste
 E - a potion of ambrosia {unknown}
 H - a potion of heal wounds {unknown}
Miscellaneous
 J - a phial of floods
Comestibles
 c - 11 rations
 L - a chunk of flesh


   Skills:
 - Level 5.8 Fighting
 - Level 14.7 Axes
 + Level 2.7 Armour
 - Level 3.0 Dodging


You had 10 spell levels left.
You didn't know any spells.
Your spell library contained the following spells:

 Spells                   Type           Power        Failure   Level  Hunger
 Infusion                 Chrm           #...         52%         1    ##.....
 Shroud of Golubria       Chrm/Tloc      #.........   65%         2    ###....
 Song of Slaying          Chrm           #.......     65%         2    ###....
 Regeneration             Chrm/Necr      #.........   87%         3    ####...
 Spectral Weapon          Hex/Chrm       #.......     87%         3    ####...


Dungeon Overview and Level Annotations

Branches:
Dungeon (11/15)            Temple (0/1) D:4            Lair (1/6) D:8
    Orc (0/2) D:10

Altars:
Cheibriados
Fedhas
Gozag
Okawaru
Qazlal

Shops:
D:5 *:   D:6 [   D:9 [


Innate Abilities, Weirdness & Mutations

You have hooves in place of feet.
Armour fits poorly on your strangely shaped body.
You cover ground very quickly.
You have extremely tough skin. (AC +3)


Message History

* * * LOW HITPOINT WARNING * * *
The killer bee barely misses you. x3; The killer bee completely misses you.
The killer bee stings you.
* * * LOW HITPOINT WARNING * * *
The killer bee stings you.
* * * LOW HITPOINT WARNING * * *
The killer bee stings you but does no damage.
The killer bee stings you.
* * * LOW HITPOINT WARNING * * *
You are poisoned.
The killer bee poisons you! The queen bee stings you.
* * * LOW HITPOINT WARNING * * *
The killer bee stings you.
* * * LOW HITPOINT WARNING * * *
The killer bee stings you but does no damage.
The killer bee closely misses you. The killer bee stings you.
* * * LOW HITPOINT WARNING * * *
The killer bee stings you but does no damage.
The killer bee stings you.
You die...

#####+##
#......#
#%....%#
+.%..y%#
#..yyyy#


#.yyyyy# #.yyyyy# #%yyy@y# #..yyyy+ #..lyyy# ######## You could see a queen bee,
an iguana and 25 killer bees.

Vanquished Creatures
  3 two-headed ogres
  A gargoyle (D:11)
  A komodo dragon (D:8)
  2 hippogriffs
  3 wraiths (D:10)
  6 yaks (D:9)
  2 hungry ghosts (D:10)
  A two-headed ogre zombie (D:10)
  A black bear (D:8)
  2 ice beasts
  3 sky beasts
  5 orc warriors
  Purgy (Sewer)
  6 ogres
  An eye of draining (D:9)
  A necrophage (D:7)
  4 centaurs
  4 big kobolds
  9 bullfrogs
  2 scorpions
  A troll zombie (D:10)
  3 wights (D:6)
  3 killer bees (D:8)
  11 howler monkeys
  2 crimson imps
  A quasit (D:9)
  2 bullfrog zombies
  2 centaur skeletons
  A gnoll shaman (D:6)
  4 hounds
  3 jellies
  10 orc priests
  11 orc wizards
  3 iguanas
  9 worker ants
  4 ogre zombies (D:10)
  A hound zombie (D:8)
  A worker ant zombie (D:8)
  3 gnolls (D:6)
  A howler monkey skeleton (D:8)
  5 adders
  A shadow imp (D:6)
  An ooze (D:6)
  2 adder skeletons
  2 worms
  A dart slug (D:3)
  A leopard gecko (D:4)
  34 orcs
  2 bats
  4 giant cockroaches
  2 goblins (D:3)
  5 jackals
  3 quokkas
  9 frilled lizards
  2 goblin skeletons (D:10)
  3 goblin zombies (D:10)
  A hobgoblin skeleton (D:10)
  2 hobgoblin zombies (D:10)
  21 kobolds
  2 orc skeletons (D:10)
  14 orc zombies (D:10)
  A rat (D:3)
252 creatures vanquished.

Vanquished Creatures (collateral kills)
  Josephine (D:10)
  A wraith (D:10)
  A phantom (D:10)
  A troll zombie (D:10)
  An orc zombie (D:10)
5 creatures vanquished.

Vanquished Creatures (others)
  An orc priest (D:6)
  An adder zombie (D:6)
  An orc (D:6)
  A plant (D:8)
4 creatures vanquished.

Grand Total: 261 creatures vanquished

Notes
Turn   | Place    | Note
-------+----------+-------------------------------------------
     0 | D:1      | Lavandula the Centaur Berserker began the quest for the
                  | Orb.
     0 | D:1      | Reached XP level 1. HP: 19/19 MP: 1/1
   168 | D:2      | Reached skill level 3 in Axes
   168 | D:2      | Reached XP level 2. HP: 26/26 MP: 2/2
   176 | D:2      | Found a snail-covered altar of Cheibriados.
   541 | D:4      | Found a glowing drain.
   545 | Sewer    | Entered a sewer
   570 | Sewer    | Reached XP level 3. HP: 31/31 MP: 3/3
   615 | Sewer    | Noticed Purgy
   621 | Sewer    | Reached ** piety under Trog
   622 | Sewer    | Killed Purgy
   622 | Sewer    | Reached skill level 5 in Axes
   622 | Sewer    | Reached XP level 4. HP: 38/38 MP: 4/4
   808 | D:4      | Reached XP level 5. HP: 39/45 MP: 5/5
   992 | D:5      | Entered Level 5 of the Dungeon
  1102 | D:5      | Found Kuinu's Book Shoppe.
  1168 | D:5      | Found an opulent altar of Gozag.
  1172 | D:5      | Found Gozag's Platinum Reserve.
  1249 | D:5      | Noticed a sky beast
  1306 | D:5      | Reached skill level 6 in Axes
  1306 | D:5      | Reached XP level 6. HP: 51/51 MP: 6/6
  1381 | D:4      | Reached skill level 7 in Axes
  1417 | D:4      | Found a staircase to the Ecumenical Temple.
  1501 | D:3      | Found an iron altar of Okawaru.
  1508 | D:3      | Found a blossoming altar of Fedhas.
  1584 | D:4      | Reached XP level 7. HP: 53/57 MP: 7/7
  1832 | D:6      | Reached skill level 8 in Axes
  1918 | D:6      | Reached skill level 9 in Axes
  1918 | D:6      | Reached XP level 8. HP: 63/63 MP: 8/8
  1982 | D:6      | Found Cuduarom's Antique Armour Shop.
  2207 | D:6      | Found an opulent altar of Gozag.
  2248 | D:6      | Reached *** piety under Trog
  2297 | D:6      | Bought a shimmering leather armour for 203 gold pieces
  2307 | D:6      | Identified the +3 leather armour of Marbles {+Blink rC+++
                  | Str-3 SInv} (You bought it in a shop on level 6 of the
                  | Dungeon)
  2375 | D:7      | Reached skill level 10 in Axes
  2471 | D:7      | Reached skill level 11 in Axes
  2471 | D:7      | Reached XP level 9. HP: 44/69 MP: 9/9
  2480 | D:8      | Found a staircase to the Lair.
  2480 | D:8      | Noticed a komodo dragon
  2849 | D:8      | Killed a komodo dragon
  2849 | D:8      | Reached skill level 5 in Fighting
  2942 | Lair:1   | Entered Level 1 of the Lair of Beasts
  3041 | D:8      | Reached **** piety under Trog
  3301 | D:10     | Entered Level 10 of the Dungeon
  3387 | D:9      | Reached skill level 12 in Axes
  3402 | D:9      | Reached XP level 10. HP: 67/83 MP: 10/10
  3427 | D:9      | Found Ygretuv's Armour Boutique.
  3503 | D:9      | Found a stormy altar of Qazlal.
  3600 | D:9      | Noticed a two-headed ogre
  3622 | D:9      | Killed a two-headed ogre
  3622 | D:9      | Reached skill level 13 in Axes
  3751 | D:10     | Found a staircase to the Orcish Mines.
  3772 | D:10     | Received a gift from Trog
  3939 | D:10     | Reached ***** piety under Trog
  3992 | D:10     | Reached skill level 14 in Axes
  3996 | D:10     | Noticed Josephine
  4014 | D:10     | Killed Josephine
  4016 | D:10     | Reached XP level 11. HP: 26/89 MP: 11/11
  4366 | D:11     | Noticed a two-headed ogre
  4373 | D:11     | Killed a two-headed ogre
  4457 | D:11     | Noticed a two-headed ogre
  4468 | D:11     | Killed a two-headed ogre
  4496 | D:11     | HP: 4/89 [killer bee (1)]
  4496 | D:11     | HP: 1/89 [killer bee (3)]
  4496 | D:11     | Slain by a killer bee

Skill      XL: |  1  2  3  4  5  6  7  8  9 10 11 |
---------------+----------------------------------+-----
Axes           | 3 5 6 7 9 11 12 14 | 14.7
Fighting       | 5 |  5.8
Dodging        | 3 |  3.0
Armour         | 2 |  2.7

Action                   |  1- 3 |  4- 6 |  7- 9 | 10-12 || total
-------------------------+-------+-------+-------+-------++-------
Melee: Hand axe          |    47 |    64 |   195 |       ||   306
       Kick              |     7 |    19 |    83 |    59 ||   168
       Flail             |       |     6 |       |       ||     6
       War axe           |       |       |   116 |   246 ||   362
Invok: Berserk           |     2 |     4 |     9 |     7 ||    22
       Trog's Hand       |       |     1 |     4 |     2 ||     7
       Brothers in Arms  |       |       |       |     1 ||     1
  Use: Potion            |       |     4 |       |     1 ||     5
       Scroll            |       |     3 |     1 |     1 ||     5
  Eat: Chunk             |       |     7 |    15 |     6 ||    28
       Ration            |       |       |       |     3 ||     3
Armor: Leather armour    |    22 |    25 |   132 |    89 ||   268
Dodge: Dodged            |    25 |    24 |   140 |   123 ||   312
